Map: Backwater LE

Players

fruitcake - Winner!

  • Race: Terran Terran
  • Spawn Location: 11:00

A.I. 1 (Easy)

  • Race: Protoss Protoss
  • Spawn Location: 5:00

VOD

Have the link to the VOD?

Description

Time

  • Played on: May 5, 2018, 12:21 p.m.
  • Length: 5:59
Show
View Real Time Build Order
Export as new Build Order

fruitcake Terran - Winner!

Build Orders:  

Get SALT Encoding   

  12  0:00  SCV  
  13  0:14  Supply Depot  
  13  0:17  SCV  
  14  0:29  SCV  
  15  0:36  Refinery  
  15  0:42  SCV  
  16  0:46  Barracks  
  16  0:54  SCV  
  17  1:06  SCV  
  18  1:18  SCV, Barracks  
  19  1:30  SCV  
  20  1:36  Barracks Reactor  
  20  1:44  Orbital Command  
  20  2:04  Engineering Bay  
  20  2:08  Marine  
  20  2:13  Marine x2  
  23  2:17  Command Center  
  23  2:33  Barracks Reactor  
  23  2:38  Supply Depot  
  23  2:59  Marine x2  
  25  3:08  Terran Infantry Weapons Level 1  
  25  3:16  Barracks  
  25  3:18  SCV  
  26  3:23  Marine x3  
  26  3:24  Marine  
  30  3:30  SCV  
  30  3:34  Supply Depot  
  31  3:40  Supply Depot  
  31  3:41  Marine x3  
  31  3:42  Marine  
  31  3:44  SCV  
  36  3:59  Marine x4  
  40  4:07  SCV  
  41  4:13  SCV  
  41  4:17  Marine x4  
  42  4:19  SCV  
  48  4:31  SCV  
  48  4:34  Marine  
  48  4:35  Marine x3  
  52  4:43  SCV  
  53  4:52  Marine x3  
  53  4:53  Marine  
  53  4:55  SCV  
  58  5:07  SCV  
  58  5:10  Marine x3  
  58  5:13  Supply Depot x2  
  62  5:28  Marine  
  62  5:29  SCV  
  62  5:34  Marine x3  
  64  5:41  SCV  
Show
View Real Time Build Order
Export as new Build Order

A.I. 1 (Easy) Protoss 

Build Orders:  

Get SALT Encoding   

  12  0:00  Probe  
  13  0:13  Probe  
  14  0:20  Pylon  
  14  0:25  Probe  
  15  0:34  Probe  
  16  0:44  Assimilator  
  16  0:50  Gateway  
  16  0:54  Pylon  
  16  1:18  Assimilator  
  16  1:30  Zealot  
  18  1:42  Cybernetics Core  
  18  2:06  Probe  
  18  2:07  Pylon  
  18  2:14  Probe  
  19  2:18  Stalker  
  19  2:20  Warp Gate  
  22  2:24  Probe  
  23  2:36  Probe  
  24  2:47  Adept  
  24  2:48  Probe  
  27  3:00  Probe  
  28  3:24  Stalker  
  30  3:52  Adept  
  32  5:27  Stalker  
  32  5:30  Pylon  
  28  5:42  Probe  
  18  5:43  Zealot  
Tags
 
Add a new tag
Caveats
  • Supply blocks, unpowered buildings, or Contaminate may cause inaccurate times.
  • Supply counts are checked every 10 seconds.